 Dungeon Crawl Stone Soup version 0.31-a0-152-g6aa68a64a1 (webtiles) character file.

Game seed: 6874748245400387628

413 qw the Shooter (level 6, 0/39 HPs)
             Began as a Gargoyle Hunter on June 10, 2023.
             Slain by a quokka (2 damage)
             ... on level 4 of the Dungeon.
             The game lasted 00:01:03 (2005 turns).

qw the Shooter (Gargoyle Hunter)                    Turns: 2005, Time: 00:01:03

Health: 0/39       AC:  9    Str: 12 (15) XL:     6   Next: 91%
Magic:  6/6        EV: 11    Int:  7 (9)  God:
Gold:   78         SH:  0    Dex: 12 (15) Spells: 5/5 levels left

rFire   . . .        Y - +0 shortbow
rCold   . . .        (shield currently unavailable)
rNeg    + . .        c - +0 leather armour
rPois   inf          (no helmet)
rElec   +            (no cloak)
rCorr   .            (no gloves)
SInv    .            n - +1 pair of boots
Will    .....        m - amulet of faith
Stlth   +            (no ring)
HPRegen 0.26/turn    (no ring)
MPRegen 0.10/turn

%: faith
@: about to teleport
A: sickness immunity, AC +4, negative energy resistance 1, electricity
resistance, torment resistance 1, petrification resistance
a: no special abilities


You were on level 4 of the Dungeon.
You visited 1 branch of the dungeon, and saw 6 of its levels.

You collected 78 gold pieces.


Innate Abilities, Weirdness & Mutations

You are immune to sickness and miasma.
Your stone body is resilient. (AC +4)
You are immune to poison.
You resist negative energy. (rN+)
You are resistant to electric shocks. (rElec)
You are resistant to unholy torment.
You are immune to petrification.


   Skills:
 - Level 4.5 Fighting
 + Level 6.8 Ranged Weapons
 - Level 1.6 Armour
 - Level 1.5 Dodging
 - Level 1.1 Stealth


You had 5 spell levels left.
You didn't know any spells.
Your spell library was empty.

Inventory:

Hand Weapons
 Y - a +0 shortbow (weapon)
Armour
 c - a +0 leather armour (worn)
 n - a +1 pair of boots (worn)
Jewellery
 l - an amulet of regeneration
 m - an amulet of faith (around neck)
Scrolls
 b - a scroll of identify
Potions
 e - a potion of ambrosia {unknown}
 f - a potion of might {unknown}
 h - a potion of cancellation
 i - a potion of mutation {unknown}
 j - a potion of curing {unknown}
 p - a potion of resistance

Dungeon Overview and Level Annotations

Branches:
Dungeon (6/15)
 Temple: D:4-7

Altars:


Message History

The kobold hits you but does no damage. The goblin hits you but does no damage.
The sleepcap completely misses you. The black bear misses you.
The black bear claws you. The black bear completely misses you.
The quokka bites you but does no damage.
You shoot an arrow. The arrow barely misses the goblin.
The quokka bites you but does no damage.
The quokka closely misses you. The kobold barely misses you.
The black bear barely misses you. The black bear completely misses you.
The black bear barely misses you. The sleepcap closely misses you.
The goblin hits you but does no damage.
You shoot an arrow.
The arrow hits the goblin but does no damage.
The goblin is almost dead.
The quokka misses you.
The quokka bites you but does no damage.
The kobold hits you but does no damage. The goblin hits you with a +0 dagger.
The sleepcap releases spores at you.
The black bear bites you but does no damage.
The black bear claws you. The black bear barely misses you.
The quokka misses you.
2004 ||| READING scroll of teleportation.
As you read the scroll of teleportation, it crumbles to dust.
You feel strangely unstable.
The quokka bites you but does no damage.
A scorpion comes into view.
The kobold closely misses you. The goblin hits you but does no damage.
The sleepcap releases spores at you.
The black bear bites you but does no damage.
The black bear claws you but does no damage. x2
The quokka bites you but does no damage.
The quokka barely misses you.
You shoot an arrow. The arrow barely misses the goblin.
The quokka bites you but does no damage.
The kobold barely misses you. The sleepcap completely misses you.
The goblin hits you but does no damage.
The black bear bites you but does no damage.
The black bear claws you.
The black bear claws you but does no damage.
The quokka bites you.
You die...

>.. #.. .. ...
##.##.#
##...#.#
##......#
#.......##
#.....rKr##
#.....h@..#
s.....gf..$..#
..#.......#..#
###....## .#
#.#.## #.#.#
#.#.# .....


You could see a black bear, a sleepcap, a scorpion, 2 quokkas, a goblin and a
kobold.

Vanquished Creatures
  Sigmund (D:2)
  A scorpion (D:5)
  Natasha (thrice) (D:3)
  An iguana (D:5)
  2 adders
  An ufetubus (D:5)
  2 worms (D:2)
  2 dart slugs (D:2)
  2 orcs (D:3)
  5 endoplasms
  A giant cockroach (D:1)
  3 goblins (D:2)
  6 hobgoblins
  6 jackals (D:2)
  3 quokkas
  7 ball pythons
  6 bats
  4 frilled lizards
  5 kobolds
  4 rats
65 creatures vanquished.

Notes
Turn   | Place    | Note
-------+----------+-------------------------------------------
     0 | D:1      | qw the Gargoyle Hunter began the quest for the Orb.
     0 | D:1      | Reached XP level 1. HP: 12/12 MP: 1/1
     0 | D:1      | 0 ||| qw: Version: 0.2-a-29-gd901d54
     0 | D:1      | 0 ||| qw: Game counter: 3990
     0 | D:1      | 0 ||| qw: Always use a shield: true
     0 | D:1      | 0 ||| qw: God list: Okawaru
     0 | D:1      | 0 ||| qw: Allow faded altars: false
     0 | D:1      | 0 ||| qw: Do Orc after D:15 true
     0 | D:1      | 0 ||| qw: Do second Lair branch before Depths: true
     0 | D:1      | 0 ||| qw: Lair rune preference: random
     0 | D:1      | 0 ||| qw: Plans: Normal, Zot:1-4, Slime:5, God:TSO, Crypt,
                  | Tomb, Abyss, Pan, Hells, Win
     0 | D:1      | 0 ||| PLANNING D:1-11
    56 | D:1      | Reached XP level 2. HP: 17/17 MP: 2/2
   702 | D:1      | 702 ||| UPGRADING to +0 pair of boots.
   707 | D:1      | 707 ||| UPGRADING to amulet of the acrobat.
   712 | D:1      | 712 ||| UPGRADING to amulet of faith.
   722 | D:1      | 722 ||| READING 2 scrolls labelled OKLYDIPUZU.
   727 | D:1      | 727 ||| READING scroll labelled LYNAJI DISUPP.
   728 | D:1      | 728 ||| DROPPING scroll of butterflies.
   743 | D:2      | Reached XP level 3. HP: 21/21 MP: 3/3
   748 | D:2      | Reached skill level 5 in Ranged Weapons
   865 | D:2      | 865 ||| Stepping ~*~*~tactically~*~*~ (outnumbered).
   944 | D:2      | Reached skill level 3 in Fighting
   969 | D:2      | Reached XP level 4. HP: 28/28 MP: 4/4
  1089 | D:2      | Noticed Sigmund
  1102 | D:2      | Killed Sigmund
  1103 | D:2      | Reached skill level 6 in Ranged Weapons
  1103 | D:2      | Reached XP level 5. HP: 17/32 MP: 5/5
  1257 | D:2      | Reached XP level 6. HP: 37/37 MP: 6/6
  1386 | D:2      | Found a faded altar of an unknown god.
  1517 | D:2      | 1517 ||| UPGRADING to +1 pair of boots.
  1527 | D:2      | 1527 ||| DROPPING +0 pair of boots.
  1528 | D:2      | 1528 ||| READING scroll labelled JUEJACZ XUESK.
  1529 | D:2      | 1529 ||| READING scroll labelled CUOMOA AFAT.
  1530 | D:2      | 1530 ||| READING scroll labelled HUXUOBLOYPA.
  1531 | D:2      | 1531 ||| DRINKING 2 lumpy green potions.
  1532 | D:2      | 1532 ||| DRINKING 2 murky pink potions.
  1533 | D:2      | 1533 ||| DRINKING 2 red potions.
  1534 | D:2      | 1534 ||| DROPPING potion of degeneration.
  1568 | D:3      | Noticed Natasha
  1582 | D:3      | Killed Natasha
  1583 | D:3      | Reached skill level 1 in Armour
  1708 | D:3      | Noticed Natasha
  1712 | D:3      | 1712 ||| Stepping ~*~*~tactically~*~*~ (outnumbered).
  1713 | D:3      | Killed Natasha
  1784 | D:3      | Noticed Natasha
  1790 | D:3      | Killed Natasha
  1861 | D:3      | You fall into a shaft and drop 3 floors!
  1862 | D:6      | 1862 ||| DROPPING amulet of the acrobat.
  1863 | D:6      | 1863 ||| DRINKING 2 lumpy ruby potions.
  1864 | D:6      | 1864 ||| READING 2 scrolls of identify.
  1864 | D:6      | 1864 ||| IDENTIFYING lumpy grey potion
  1865 | D:6      | 1865 ||| DROPPING potion of invisibility.
  1868 | D:5      | Entered Level 5 of the Dungeon
  1898 | D:5      | HP: 6/38 [iguana (6)]
  1899 | D:5      | 1899 ||| READING 2 scrolls of teleportation.
  1900 | D:5      | 1900 ||| DRINKING potion of heal wounds.
  1992 | D:4      | Noticed a black bear
  2003 | D:4      | HP: 7/39 [black bear (3)]
  2004 | D:4      | 2004 ||| READING scroll of teleportation.
  2005 | D:4      | HP: 2/39 [black bear (4)]
  2005 | D:4      | Slain by a quokka

Levels and vault maps discovered:
D:1:      giann_forest_graveyard, layout_basic
D:2:      layout_loops_ring, dreamdust_ecumenical_altar_hidden_monk_grotto,
          uniq_sigmund
D:3:      layout_rooms, mainiacjoe_overflow_concentric_impassable,
          corexii_leaking_fountain, minmay_strange_pillars, uniq_natasha
D:4:      layout_loops_ring
D:5:      layout_cave_pools, uniq_crazy_yiuf_cottage
D:6:      layout_loops_ring, temple_fountains

Skill      XL: |  1  2  3  4  5  6 |
---------------+-------------------+-----
Ranged Weapons | 5 6 |  6.8
Fighting       | 3 4 |  4.5
Armour         | 1 |  1.6
Dodging        | |  1.5
Stealth        | |  1.1

Action                     |  1- 3 |  4- 6 || total
---------------------------+-------+-------++-------
   Fire: Shortbow          |   110 |   140 ||   250
    Use: Scroll            |     2 |     6 ||     8
         Potion            |       |     5 ||     5
 Armour: Leather armour    |    11 |    59 ||    70
  Dodge: Dodged            |    14 |    64 ||    78

Table legend:
 A = Non-vault XP
 B = Vault XP
 C = Vault XP percentage of total XP
 D = Non-vault monster count
 E = Vault monster count
 F = Vault count percentage of total count
                 A         B        C        D         E       F
            +---------+---------+-------+---------+---------+-------
      Total |     330 |     261 |  44.2 |      63 |       2 |   3.1
            +---------+---------+-------+---------+---------+-------
        D:1 |      31 |       0 |   0.0 |      20 |       0 |   0.0
        D:2 |      72 |     226 |  75.8 |      30 |       1 |   3.2
        D:3 |      97 |      35 |  26.5 |      10 |       1 |   9.1
        D:5 |     130 |       0 |   0.0 |       3 |       0 |   0.0
            +---------+---------+-------+---------+---------+-------
